| TOP OF THE 1ST |
|
Omaha Storm Chasers batting - Pitching for Tacoma Rainiers : RHP Dwain Ashford
|
|
Pitching: RHP Dwain Ashford
|
|
|
Batting: RHB Matt Belgard
|
0-0: Swinging Strike 0-1: Foul Ball, location: 2F 0-2: Fly out, F8 (Line Drive, 8RD, EV 101.2 MPH)
|
|
Batting: LHB Roman Downey
|
0-0: Called Strike 0-1: Ball 1-1: Ground out 4-3 (Groundball, 4, EV 81.9 MPH)
|
|
Batting: RHB Adam Martin
|
0-0: Called Strike 0-1: Ball 1-1: Foul Ball, location: 2F 1-2: Ball 2-2: Ball 3-2: Ground out 6-3 (Groundball, 6, EV 84.4 MPH)
|
| Top of the 1st over - 0 runs, 0 hits, 0 errors, 0 left on base; Omaha 0 - Tacoma 0 |
| BOTTOM OF THE 1ST |
|
Tacoma Rainiers batting - Pitching for Omaha Storm Chasers : LHP Ryan Tillett
|
|
Pitching: LHP Ryan Tillett
|
|
|
Batting: RHB Rick Ellis
|
0-0: Ball 1-0: Ball 2-0: Swinging Strike 2-1: Foul Ball, location: 2F 2-2: Strikes out looking
|
|
Batting: RHB Kikuo Sato
|
0-0: Ball 1-0: Called Strike 1-1: Swinging Strike 1-2: Foul Ball, location: 2F 1-2: TRIPLE (Flyball, 78XD, EV 96.2 MPH)
|
|
Batting: RHB Leon Alders
|
0-0: Called Strike 0-1: Ball 1-1: Called Strike 1-2: Strikes out looking
|
|
Batting: SHB Nelson Powell
|
0-0: Foul Ball, location: 2F 0-1: Foul Ball, location: 2F 0-2: Ground out U3 (Groundball, 34, EV 78.1 MPH)
|
| Bottom of the 1st over - 0 runs, 1 hit, 0 errors, 1 left on base; Omaha 0 - Tacoma 0 |
| TOP OF THE 2ND |
|
Omaha Storm Chasers batting - Pitching for Tacoma Rainiers : RHP Dwain Ashford
|
|
Batting: LHB Pete Hansel
|
0-0: Ball 1-0: Ball 2-0: Ball 3-0: Foul Ball, location: 2F 3-1: Swinging Strike 3-2: Strikes out swinging
|
|
Batting: LHB Robby Diaz
|
0-0: Ball 1-0: Called Strike 1-1: Ball 2-1: Foul Ball, location: 2F 2-2: Foul Ball, location: 2F 2-2: Foul Ball, location: 2F 2-2: Strikes out swinging
|
|
Batting: RHB Walt Cogswell
|
0-0: Swinging Strike 0-1: Swinging Strike 0-2: Strikes out swinging
|
| Top of the 2nd over - 0 runs, 0 hits, 0 errors, 0 left on base; Omaha 0 - Tacoma 0 |
| BOTTOM OF THE 2ND |
|
Tacoma Rainiers batting - Pitching for Omaha Storm Chasers : LHP Ryan Tillett
|
|
Batting: RHB Tatsunori Hayakawa
|
0-0: Foul Ball, location: 2F 0-1: Ground out 3-1 (Groundball, 13, EV 88.1 MPH)
|
|
Batting: RHB Bill Vives
|
0-0: Ball 1-0: Foul Ball, location: 2F 1-1: Foul Ball, location: 2F 1-2: Strikes out swinging
|
|
Batting: RHB Kevin Chafe
|
0-0: Ball 1-0: Ball 2-0: DOUBLE (Line Drive, 5D, EV 99.4 MPH)
|
|
Pitching: RHP Mike Tuck
|
|
|
Batting: LHB Caleb Domino
|
0-0: Called Strike 0-1: Swinging Strike 0-2: Strikes out swinging
|
| Bottom of the 2nd over - 0 runs, 1 hit, 0 errors, 1 left on base; Omaha 0 - Tacoma 0 |
| TOP OF THE 3RD |
|
Omaha Storm Chasers batting - Pitching for Tacoma Rainiers : RHP Dwain Ashford
|
|
Batting: RHB Eric Sandell
|
0-0: Ball 1-0: Foul Ball, location: 2F 1-1: Ball 2-1: Swinging Strike 2-2: Ground out 6-3 (Groundball, 6, EV 91.9 MPH)
|
|
Batting: LHB Danny Bailey
|
0-0: Ball 1-0: Ball 2-0: Fly out, F9 (Flyball, 9LM, EV 87.5 MPH)
|
|
Batting: RHB Jerry Castillo
|
0-0: Fly out, F9 (Flyball, 9, EV 88.1 MPH)
|
| Top of the 3rd over - 0 runs, 0 hits, 0 errors, 0 left on base; Omaha 0 - Tacoma 0 |
| BOTTOM OF THE 3RD |
|
Tacoma Rainiers batting - Pitching for Omaha Storm Chasers : RHP Mike Tuck
|
|
Batting: RHB David Aguilar
|
0-0: Swinging Strike 0-1: Fly out, F5 (Popup, 25F, EV 90.0 MPH)
|
|
Batting: RHB Rick Ellis
|
0-0: Called Strike 0-1: Ball 1-1: Fly out, F7 (Flyball, 7S, EV 78.1 MPH)
|
|
Batting: RHB Kikuo Sato
|
0-0: Ball 1-0: Foul Ball, location: 2F 1-1: SINGLE (Groundball, 56, EV 84.4 MPH) (infield hit)
|
|
Batting: RHB Leon Alders
|
0-0: Ball Kikuo Sato steals 2nd base (no throw) 1-0: Foul Ball, location: 2F 1-1: Swinging Strike 1-2: Foul Ball, location: 2F 1-2: Fly out, F7 (Flyball, 7S, EV 93.8 MPH)
|
| Bottom of the 3rd over - 0 runs, 1 hit, 0 errors, 1 left on base; Omaha 0 - Tacoma 0 |
| TOP OF THE 4TH |
|
Omaha Storm Chasers batting - Pitching for Tacoma Rainiers : RHP Dwain Ashford
|
|
Batting: RHB Matt Belgard
|
0-0: Ball 1-0: Ground out 6-3 (Groundball, 6, EV 101.2 MPH)
|
|
Batting: LHB Roman Downey
|
0-0: Called Strike 0-1: Ball 1-1: Ball 2-1: Foul Ball, location: 2F 2-2: Foul Ball, location: 2F 2-2: Ball 3-2: Reached on error, E3 (Groundball, 34S, EV 85.6 MPH)
|
|
Batting: RHB Adam Martin
|
0-0: Ball 1-0: Swinging Strike 1-1: Grounds into double play, U6-3 (Groundball, 4M, EV 83.8 MPH)
|
| Top of the 4th over - 0 runs, 0 hits, 1 error, 0 left on base; Omaha 0 - Tacoma 0 |
| BOTTOM OF THE 4TH |
|
Tacoma Rainiers batting - Pitching for Omaha Storm Chasers : RHP Mike Tuck
|
|
Batting: SHB Nelson Powell
|
0-0: Called Strike 0-1: Ball 1-1: Ball 2-1: Foul Ball, location: 2F 2-2: Strikes out swinging
|
|
Batting: RHB Tatsunori Hayakawa
|
0-0: Ground out U3 (Groundball, 3, EV 81.2 MPH)
|
|
Batting: RHB Bill Vives
|
0-0: Ball 1-0: Ball 2-0: Ball 3-0: Called Strike 3-1: Foul Ball, location: 2F 3-2: Strikes out swinging
|
| Bottom of the 4th over - 0 runs, 0 hits, 0 errors, 0 left on base; Omaha 0 - Tacoma 0 |
| TOP OF THE 5TH |
|
Omaha Storm Chasers batting - Pitching for Tacoma Rainiers : RHP Dwain Ashford
|
|
Batting: LHB Pete Hansel
|
0-0: Foul Ball, location: 2F 0-1: Fly out, F8 (Line Drive, 8LM, EV 111.9 MPH)
|
|
Batting: LHB Robby Diaz
|
0-0: Ball 1-0: Called Strike 1-1: Foul Ball, location: 2F 1-2: Foul Ball, location: 2F 1-2: Foul Ball, location: 2F 1-2: Foul Ball, location: 2F 1-2: Foul Ball, location: 2F 1-2: Foul Ball, location: 2F 1-2: SINGLE (Groundball, 34D, EV 95.6 MPH)
|
|
Batting: RHB Walt Cogswell
|
0-0: Called Strike 0-1: Foul Ball, location: 2F 0-2: Foul Ball, location: 2F 0-2: Ball 1-2: Fly out, F8 (Flyball, 8RD, EV 85.0 MPH)
|
|
Batting: RHB Eric Sandell
|
0-0: Foul Ball, location: 2F 0-1: Foul Ball, location: 2F 0-2: Fielders Choice at 2nd, 6-4 (Groundball, 6, EV 79.4 MPH)
|
| Top of the 5th over - 0 runs, 1 hit, 0 errors, 1 left on base; Omaha 0 - Tacoma 0 |
| BOTTOM OF THE 5TH |
|
Tacoma Rainiers batting - Pitching for Omaha Storm Chasers : RHP Mike Tuck
|
|
Batting: RHB Kevin Chafe
|
0-0: SINGLE (Groundball, 4D, EV 96.9 MPH)
|
|
Batting: LHB Caleb Domino
|
0-0: Ball 1-0: Ball 2-0: Called Strike 2-1: SINGLE (Groundball, 34, EV 97.5 MPH) Kevin Chafe to second Runner from 2nd tries for 3rd, SAFE, throw by RF made to third Caleb Domino to second
|
|
Batting: RHB David Aguilar
|
0-0: Called Strike 0-1: Ball 1-1: Ball 2-1: Ball 3-1: Foul Ball, location: 2F 3-2: Ground out 6-3 (Groundball, 6MS, EV 70.0 MPH)
|
|
Batting: RHB Rick Ellis
|
0-0: Ball 1-0: Ball 2-0: Ball 3-0: Base on Balls
|
|
Batting: RHB Kikuo Sato
|
0-0: Ball 1-0: Ball 2-0: Fly out, F9 (Flyball, 89S, EV 90.6 MPH)
|
|
Pitching: RHP Jarred Young
|
|
|
Batting: RHB Leon Alders
|
0-0: Called Strike 0-1: Ball 1-1: SINGLE (Groundball, 5S, EV 66.2 MPH) (infield hit) Kevin Chafe scores Caleb Domino to third Rick Ellis to second
|
|
Batting: SHB Nelson Powell
|
0-0: Ball 1-0: Called Strike 1-1: Foul Ball, location: 2F 1-2: Ball 2-2: Ball 3-2: Base on Balls Caleb Domino scores Rick Ellis to third Leon Alders to second
|
|
Batting: RHB Tatsunori Hayakawa
|
0-0: Ball 1-0: Ball 2-0: Swinging Strike 2-1: Foul Ball, location: 2F 2-2: Strikes out looking
|
| Bottom of the 5th over - 2 runs, 3 hits, 0 errors, 3 left on base; Omaha 0 - Tacoma 2 |
| TOP OF THE 6TH |
|
Omaha Storm Chasers batting - Pitching for Tacoma Rainiers : RHP Dwain Ashford
|
|
Batting: LHB Danny Bailey
|
0-0: Ground out 5-3 (Groundball, 56, EV 85.6 MPH)
|
|
Batting: RHB Jerry Castillo
|
0-0: SINGLE (Line Drive, 9LM, EV 93.8 MPH)
|
|
Batting: RHB Matt Belgard
|
0-0: Ball 1-0: Called Strike 1-1: Foul Ball, location: 2F 1-2: Ball 2-2: Foul Ball, location: 2F 2-2: Foul Ball, location: 2F 2-2: Fly out, F7 (Flyball, 7S, EV 86.9 MPH)
|
|
Batting: LHB Roman Downey
|
0-0: Called Strike 0-1: 2-RUN HOME RUN (Line Drive, 9D, EV 105.6 MPH), Distance : 388 ft
|
|
Batting: RHB Adam Martin
|
0-0: Fly out, F8 (Line Drive, 8RM, EV 105.0 MPH)
|
| Top of the 6th over - 2 runs, 2 hits, 0 errors, 0 left on base; Omaha 2 - Tacoma 2 |
| BOTTOM OF THE 6TH |
|
Tacoma Rainiers batting - Pitching for Omaha Storm Chasers : RHP Jarred Young
|
|
Batting: RHB Bill Vives
|
0-0: Ball 1-0: Ball 2-0: Fly out, F3 (Popup, 3F, EV 63.1 MPH)
|
|
Batting: RHB Kevin Chafe
|
0-0: Foul Ball, location: 2F 0-1: Called Strike 0-2: Foul Ball, location: 2F 0-2: Ball 1-2: Strikes out swinging
|
|
Batting: LHB Caleb Domino
|
0-0: Ground out U3 (Groundball, 3, EV 103.1 MPH)
|
| Bottom of the 6th over - 0 runs, 0 hits, 0 errors, 0 left on base; Omaha 2 - Tacoma 2 |
| TOP OF THE 7TH |
|
Omaha Storm Chasers batting - Pitching for Tacoma Rainiers : RHP Dwain Ashford
|
|
Batting: LHB Pete Hansel
|
0-0: Swinging Strike 0-1: Ball 1-1: Swinging Strike 1-2: Foul Ball, location: 2F 1-2: Strikes out swinging
|
|
Batting: LHB Robby Diaz
|
0-0: SINGLE (Groundball, 6MD, EV 97.5 MPH)
|
|
Batting: RHB Walt Cogswell
|
0-0: Foul Ball, location: 2F 0-1: Ball 1-1: Ball 2-1: Ball 3-1: Called Strike 3-2: Base on Balls Robby Diaz to second
|
|
Pitching: RHP David Lane
|
|
|
Batting: RHB Eric Sandell
|
0-0: Ball 1-0: Called Strike 1-1: Ground out 6-3 (Groundball, 56, EV 101.9 MPH) Robby Diaz to third Walt Cogswell to second
|
|
Batting: LHB Danny Bailey
|
0-0: Ball 1-0: Called Strike 1-1: Foul Ball, location: 2F 1-2: Strikes out swinging
|
| Top of the 7th over - 0 runs, 1 hit, 0 errors, 2 left on base; Omaha 2 - Tacoma 2 |
| BOTTOM OF THE 7TH |
|
Tacoma Rainiers batting - Pitching for Omaha Storm Chasers : RHP Jarred Young
|
|
Batting: RHB David Aguilar
|
0-0: TRIPLE (Line Drive, 89XD, EV 105.0 MPH)
|
|
Batting: RHB Rick Ellis
|
0-0: Fly out, F7 (Flyball, 7LS, EV 73.1 MPH)
|
|
Batting: RHB Kikuo Sato
|
0-0: Foul Ball, location: 2F 0-1: Called Strike 0-2: Foul Ball, location: 2F 0-2: Ball 1-2: Foul Ball, location: 2F 1-2: Ground out 6-3 (Groundball, 6MS, EV 72.5 MPH)
|
|
Batting: RHB Leon Alders
|
0-0: Foul Ball, location: 2F 0-1: Called Strike 0-2: Strikes out swinging wild pitch, reaches first! David Aguilar scores
|
|
Batting: SHB Nelson Powell
|
0-0: Ball 1-0: Called Strike 1-1: Ball 2-1: Called Strike 2-2: Ball 3-2: Ground out 4-3 (Groundball, 34D, EV 101.2 MPH)
|
| Bottom of the 7th over - 1 run, 1 hit, 0 errors, 1 left on base; Omaha 2 - Tacoma 3 |
| TOP OF THE 8TH |
|
Omaha Storm Chasers batting - Pitching for Tacoma Rainiers : RHP David Lane
|
|
Batting: RHB Jerry Castillo
|
0-0: Ball 1-0: Called Strike 1-1: Ball 2-1: Foul Ball, location: 2F 2-2: Fly out, F9 (Flyball, 9, EV 85.0 MPH)
|
|
Batting: RHB Matt Belgard
|
0-0: Ground out 2-3 (Groundball, 15S, EV 65.6 MPH)
|
|
Batting: LHB Roman Downey
|
0-0: Ball 1-0: Ball 2-0: Swinging Strike 2-1: Ball 3-1: Called Strike 3-2: Foul Ball, location: 2F 3-2: Strikes out swinging
|
| Top of the 8th over - 0 runs, 0 hits, 0 errors, 0 left on base; Omaha 2 - Tacoma 3 |
| BOTTOM OF THE 8TH |
|
Tacoma Rainiers batting - Pitching for Omaha Storm Chasers : RHP Jarred Young
|
|
Pitching: RHP Justin Potts
|
|
|
Batting: RHB Tatsunori Hayakawa
|
0-0: Ball 1-0: Foul Ball, location: 2F 1-1: Ball 2-1: Ball 3-1: Base on Balls
|
|
Batting: RHB Bill Vives
|
0-0: Called Strike 0-1: Bunt missed! 0-2: Ball 1-2: Ball 2-2: Ball 3-2: Foul Ball, location: 2F 3-2: Strikes out looking
|
|
Batting: RHB Kevin Chafe
|
0-0: Fielders Choice at 2nd, 2-6 (Groundball, 2R, EV 70.6 MPH)
|
|
Batting: LHB Caleb Domino
|
0-0: Ball 1-0: Ball 2-0: Called Strike 2-1: Ball 3-1: SINGLE (Line Drive, 8RS, EV 93.1 MPH) Kevin Chafe to second
|
|
Batting: RHB David Aguilar
|
0-0: Foul Ball, location: 2F 0-1: Called Strike 0-2: Ball 1-2: Ball 2-2: Foul Ball, location: 2F 2-2: Foul Ball, location: 2F 2-2: Foul Ball, location: 2F 2-2: Ground out 6-3 (Groundball, 6S, EV 81.9 MPH)
|
| Bottom of the 8th over - 0 runs, 1 hit, 0 errors, 2 left on base; Omaha 2 - Tacoma 3 |
| TOP OF THE 9TH |
|
Omaha Storm Chasers batting - Pitching for Tacoma Rainiers : RHP David Lane
|
|
Pitching: RHP Justin Wilkins
|
|
|
Batting: RHB Adam Martin
|
0-0: Called Strike 0-1: Swinging Strike 0-2: Strikes out swinging
|
|
Batting: LHB Pete Hansel
|
0-0: Called Strike 0-1: Ball 1-1: Swinging Strike 1-2: Strikes out swinging
|
|
Batting: LHB Robby Diaz
|
0-0: Called Strike 0-1: Ball 1-1: Ground out 1-3 (Groundball, 34S, EV 72.5 MPH)
|
| Top of the 9th over - 0 runs, 0 hits, 0 errors, 0 left on base; Omaha 2 - Tacoma 3 |
|